 Dungeon Crawl Stone Soup version 0.27.0-1-g7a089689b8 (webtiles) character file.

Game seed: 16197283794271079973

20 Spaninq the Gusty (level 2, -2/17 HPs)
             Began as a Gargoyle Air Elementalist on Aug 8, 2021.
             Slain by a jackal (3 damage)
             ... on level 1 of the Dungeon.
             The game lasted 00:03:54 (1031 turns).

Spaninq the Gusty (Gargoyle Air Elementalist)       Turns: 1031, Time: 00:03:54

Health: -2/17      AC:  4    Str: 11    XL:     2   Next: 79%
Magic:  1/5        EV: 11    Int: 15    God:
Gold:   0          SH:  0    Dex: 10    Spells: 4/5 levels left

rFire    . . .     SeeInvis .   b - +0 spear
rCold    . . .     Faith    .   (no shield)
rNeg     + . .     Spirit   .   a - +0 robe
rPois    ∞         Reflect  .   (no helmet)
rElec    +         Harm     .   (no cloak)
rCorr    .         Rampage  .   (no gloves)
Will     .....                  (no boots)
Stlth    ++........             (no amulet)
HPRegen  0.05/turn              (no ring)
MPRegen  0.09/turn              (no ring)

@: no status effects
A: sickness immunity, AC +2, negative energy resistance 1, electricity
resistance, torment resistance 1, petrification resistance
a: no special abilities


You were on level 1 of the Dungeon.
You visited 1 branch of the dungeon, and saw 1 of its levels.

Inventory:

Hand Weapons
 b - a +0 spear (weapon)
Armour
 a - a +0 robe (worn)


   Skills:
 * Level 2.0 Fighting
 + Level 1.2 Armour
 - Level 1.5 Dodging
 - Level 2.1 Stealth
 - Level 2.0 Spellcasting
 - Level 1.1 Conjurations
 - Level 2.4 Air Magic


You had 4 spell levels left.
You knew the following spells:

 Your Spells              Type           Power      Damage    Failure   Level
a - Shock                 Conj/Air       24%        1d4       11%         1

Your spell library contained the following spells:

 Spells                   Type           Power      Damage    Failure   Level
 Static Discharge         Conj/Air       6%         N/A       16%         2
 Swiftness                Air            8%         N/A       26%         3
 Airstrike                Air            4%         N/A       63%         4


Dungeon Overview and Level Annotations

Branches:
Dungeon (1/15)

Altars:


Innate Abilities, Weirdness & Mutations

You are immune to sickness and miasma.
Your stone body is resilient. (AC +2)
You are immune to poison.
You resist negative energy. (rN+)
You are resistant to electric shocks. (rElec)
You are resistant to unholy torment.
You are immune to petrification.


Message History

The jackal bites you but does no damage. x2
Things that are here:
a +0 dagger; a kobold skeleton
Casting: Shock (safe; 11% risk of failure)
Confirm with . or Enter, or press ? or * to list all spells.
Aiming: Shock (safe; 11% risk of failure)
Press: ? - help, Shift-Dir - straight line, f - jackal
Aim: a jackal (55% to hit)
The zap misses the jackal.
The zap hits the jackal but does no damage. x2
The jackal barely misses you.
Casting: Shock (safe; 11% risk of failure)
Confirm with . or Enter, or press ? or * to list all spells.
Aiming: Shock (safe; 11% risk of failure)
Press: ? - help, Shift-Dir - straight line, f/p - jackal
Aim: a jackal (55% to hit)
The zap hits the jackal.
The jackal is lightly wounded.
The zap hits the jackal.
The jackal is moderately wounded.
The jackal bites you but does no damage.
The jackal bites you.
You closely miss the jackal.
The jackal is lightly wounded.
The jackal bites you but does no damage.
The jackal bites you. The jackal barely misses you.
You miss the jackal.
The jackal is lightly wounded.
The jackal bites you but does no damage.
The jackal bites you. The jackal misses you.
You hit the jackal.
The jackal is moderately wounded.
The jackal bites you.
* * * LOW HITPOINT WARNING * * *
The jackal bites you.
* * * LOW HITPOINT WARNING * * *
The jackal bites you.
* * * LOW HITPOINT WARNING * * *
The jackal bites you.
You die...

♣♣♣♣♣♣ ♣♣♣ ♣♣♣P♣†
♣♣♣....♣♣♣♣ ♣♣.♣♣ ≈≈≈
♣♣....♣
♣♣...♣.....♣♣♣♣...♣≈≈≈♣
♣.♣.♣♣♣
#..♣♣♣♣♣.....♣...≈≈≈♣
♣♣.♣♣ ##).♣
♣♣♣♣♣...≈≈≈♣♣♣ ♣.♣♣
#..♣♣ ♣♣≈≈≈≈♣♣ ♣♣.♣♣
##.♣♣♣ ♣♣♣≈)≈♣♣♣ ♣♣.♣
##..♣♣♣♣♣♣≈≈≈hh♣♣♣
♣♣♣..♣
##.hh..♣♣♣≈♣♣@h.♣♣♣
♣♣..♣♣♣
###.....♣♣.♣♣♣...♣♣
♣♣.♣♣♣
#.h...♣♣...♣♣♣♣.♣♣♣.♣♣
###....♣♣♣.♣ ♣♣...♣♣♣♣♣
##h....♣.♣ ♣♣♣♣....♣♣♣♣
##....♣.♣♣ ♣♣♣♣♣....
#..##...♣♣♣♣ ♣♣♣P♣
..####.#####....♣♣♣ ♣♣♣
..h.h.h............♣♣♣


You could see 3 jackals.

Vanquished Creatures
  A bat (D:1)
  An endoplasm (D:1)
  A goblin (D:1)
  A hobgoblin (D:1)
  8 jackals (D:1)
  A kobold (D:1)
  A frilled lizard (D:1)
  2 rats (D:1)
16 creatures vanquished.

Notes
Turn   | Place    | Note
-------+----------+-------------------------------------------
     0 | D:1      | Spaninq the Gargoyle Air Elementalist began the quest for
                  | the Orb.
     0 | D:1      | Reached XP level 1. HP: 10/10 MP: 3/3
   480 | D:1      | Reached skill level 1 in Fighting
   603 | D:1      | Reached XP level 2. HP: 4/16 MP: 0/5
   628 | D:1      | Reached skill level 1 in Armour
  1031 | D:1      | Slain by a jackal

Illustrated notes

Levels and vault maps discovered:
D:1:      kilobyte_arrival_exit_the_forest, layout_rooms

Skill      XL: |  1  2 |
---------------+-------+-----
Fighting       | 1 2 |  2.0
Armour         | 1 |  1.2
Dodging        | |  1.5
Stealth        | |  2.1
Spellcasting   | |  2.0
Conjurations   | |  1.1
Air Magic      | |  2.4

Action                   || total
-------------------------++-------
Melee: Spear             ||    23
       Unarmed           ||     2
 Cast: Shock             ||    36
Armor: Robe              ||    34
Dodge: Dodged            ||    46
